 Dungeon Crawl Stone Soup version 0.29-a0-334-gb41bcbb86e (webtiles) character file.

Game seed: 14745411370605137391

1778 horus123 the Magician (level 8, 0/41 HPs)
             Began as a Deep Elf Conjurer on Apr 13, 2022.
             Was a Follower of Vehumet.
             Slain by an ogre
             ... wielding a +0 giant club
              (36 damage)
             ... on level 6 of the Dungeon.
             The game lasted 00:13:12 (7972 turns).

horus123 the Magician (Deep Elf Conjurer)           Turns: 7972, Time: 00:13:13

Health: 0/41       AC:  3    Str: 10    XL:     8   Next: 81%
Magic:  14/20      EV: 12    Int: 26    God:    Vehumet [*.....]
Gold:   366        SH:  0    Dex: 13    Spells: 11/21 levels left

rFire   . . .      SeeInvis .   d - +4 dagger (chaos)
rCold   . . .      Faith    .   (no shield)
rNeg    . . .      Spirit   .   a - +0 robe
rPois   .          Reflect  .   n - +0 helmet
rElec   .          Harm     .   (no cloak)
rCorr   .          Rampage  .   (no gloves)
Will    .....                   (no boots)
Stlth   ++........              m - amulet of the acrobat
HPRegen 0.13/turn               j - +6 ring of strength
MPRegen 0.17/turn               i - ring of flight

@: flying, very slightly contaminated
A: no striking features
a: Renounce Religion


You were on level 6 of the Dungeon.
You worshipped Vehumet.
Vehumet was aware of your devotion.
You visited 2 branches of the dungeon, and saw 7 of its levels.
You also visited: Ossuary.

You collected 366 gold pieces.

Inventory:

Hand Weapons
 d - a +4 dagger of chaos (weapon)
Missiles
 l - a throwing net
Armour
 a - a +0 robe (worn)
 n - a +0 helmet (worn)
 w - a +2 buckler
Jewellery
 i - a ring of flight (right hand)
 j - a +6 ring of strength (left hand)
 k - a ring of positive energy
 m - an amulet of the acrobat (around neck)
 p - a ring of ice
 C - a ring of see invisible
Wands
 A - a wand of mindburst (7)
Scrolls
 b - a scroll of silence {unknown}
 e - 2 scrolls of fear
 f - 4 scrolls of noise
 q - 2 scrolls of blinking
 u - 2 scrolls of enchant weapon
 v - 4 scrolls of enchant armour
 y - 6 scrolls of identify
 B - a scroll of immolation {unknown}
Potions
 c - 8 potions of curing
 g - a potion of berserk rage {unknown}
 h - 3 potions of attraction
 o - 2 potions of might {unknown}
 r - a potion of ambrosia {unknown}
 s - a potion of lignification {unknown}
 t - a potion of heal wounds {unknown}
 x - 3 potions of haste
 z - 2 potions of flight {unknown}


   Skills:
 - Level 2.4 Dodging
 - Level 2.4 Stealth
 - Level 7.0 Spellcasting
 - Level 7.0 Conjurations
 + Level 6.7 Translocations
 - Level 7.0 Earth Magic


You had 11 spell levels left.
You knew the following spells:

 Your Spells              Type           Power      Damage    Failure   Level
a - Magic Dart            Conj           100%       1d8       1%          1
b - Searing Ray           Conj           90%        2d7       1%          2
c - Stone Arrow           Conj/Erth      90%        3d12      1%          3
d - Iskenderun's Mystic   Conj/Tloc      44%        2d10      3%          4

Your spell library contained the following spells:

 Spells                   Type           Power      Damage    Failure   Level
 Sandblast                Erth           90%        2d19      1%          1
 Blink                    Tloc           88%        N/A       1%          2
 Lesser Beckoning         Tloc           44%        N/A       1%          3
 Passwall                 Tmut/Erth      22%        N/A       2%          2
 Dazzling Flash           Conj/Hex       54%        N/A       4%          3
 Ensorcelled Hibernation  Hex/Ice        18%        N/A       10%         2
 Iskenderun's Battlesphe  Conj           45%        2d10      10%         5
 Manifold Assault         Tloc           44%        N/A       11%         5
 Animate Armour           Summ/Erth      54%        N/A       14%         4
 Fulminant Prism          Conj/Hex       13%        3d9       14%         4
 Swiftness                Air            9%         N/A       19%         3
 Iron Shot                Conj/Erth      22%        9d5       47%         6
 Spellforged Servitor     Conj/Summ      13%        N/A       100%        7
 Lehudib's Crystal Spear  Conj/Erth      22%        10d6      100%        8


Dungeon Overview and Level Annotations

Branches:
Dungeon (6/15)             Temple (1/1) D:4         Ossuary (visited)

Altars:
Ashenzari
Fedhas
Hepliaklqana
Kikubaaqudgha
Nemelex Xobeh
Okawaru
Qazlal
Ru
Sif Muna
Trog
Uskayaw
Vehumet
Wu Jian
Xom
Yredelemnul
Zin
The Shining One

Shops:
D:2 ?


Message History

The ice beast is heavily wounded.
The magic dart hits the ice beast.
The ice beast is heavily wounded.
Casting: Magic Dart (safe; 1% risk of failure)
Confirm with . or Enter, or press ? or * to list all spells.
Aiming: Searing Ray (safe; 1% risk of failure)
Press: ? - help, Shift-Dir - straight line, f/p - ice beast
Aim: an ice beast (heavily wounded, 82% to hit)
The searing ray hits the ice beast.
The ice beast is heavily wounded. (Press . to maintain the ray.) Unknown command.
The searing ray hits the ice beast!
The ice beast is almost dead.
The ice beast closely misses you.
The searing ray hits the ice beast.
You kill the ice beast!
Vehumet accepts your kill.
You start resting.
Magic restored.
An ogre comes into view. It is wielding a +0 giant club.
The ogre shouts!
You see here a red potion.
Casting: Searing Ray (safe; 1% risk of failure)
Confirm with . or Enter, or press ? or * to list all spells.
Aiming: Searing Ray (safe; 1% risk of failure)
Press: ? - help, Shift-Dir - straight line, f - ogre
Aim: an ogre, wielding a +0 giant club (91% to hit)
The searing ray hits the ogre!
The ogre is heavily wounded. (Press . to maintain the ray.) Unknown command.
Casting: Searing Ray (safe; 1% risk of failure)
Confirm with . or Enter, or press ? or * to list all spells.
You miscast Iskenderun's Mystic Blast.
You are very lightly contaminated with residual magic.
You are blasted with magical energy.
The ogre hits you with a +0 giant club!!!
Ouch! That really hurt!
You die... .#...#..#.......## ..PPPPPPP.PPP....## #.....P.P...P.....# ##PPP P.P.P.P...### ..P.P P...P...### #.P.P P.P.PPP.## ##P.. ..P...P..## PPP

PPPPP...##
P.P...@#
P.P...O.#
....P.##...#
PPP.P.....##
...P...#.#
P.PPP#.. ##
.. . #. ##


You could see an ogre.

Vanquished Creatures
  Prince Ribbit (D:6)
  A water moccasin (D:6)
  2 sky beasts (D:6)
  An orc warrior (D:6)
  A black bear (D:5)
  An ice beast (D:6)
  2 bullfrogs
  3 scorpions
  2 centaur zombies (Ossuary)
  2 human zombies (Ossuary)
  A gnoll shaman (D:5)
  2 orc priests (D:6)
  2 jellies (D:5)
  2 iguanas
  Ijyb (D:4)
  An orc wizard (D:6)
  A hound zombie (Ossuary)
  3 mummies (Ossuary)
  11 adders
  3 gnolls (D:5)
  A shadow imp (D:5)
  A white imp (D:5)
  2 ufetubi
  3 adder zombies (Ossuary)
  A worm (D:3)
  3 dart slugs
  12 orcs
  4 ball pythons
  8 endoplasms
  6 giant cockroaches
  10 goblins
  6 hobgoblins
  2 jackals (D:2)
  12 kobolds
  5 quokkas
  6 bats
  5 frilled lizards
  2 gnoll zombies (Ossuary)
  5 goblin zombies
  4 hobgoblin zombies (Ossuary)
  3 jackal zombies (Ossuary)
  2 kobold zombies (Ossuary)
  An orc zombie (Ossuary)
  7 quokka zombies
  5 rats
  4 rat zombies (Ossuary)
163 creatures vanquished.

Vanquished Creatures (others)
  A plant (D:4)
1 creature vanquished.

Grand Total: 164 creatures vanquished

Notes
Turn   | Place    | Note
-------+----------+-------------------------------------------
     0 | D:1      | horus123 the Deep Elf Conjurer began the quest for the Orb.
     0 | D:1      | Reached XP level 1. HP: 10/10 MP: 6/6
   338 | D:1      | Reached XP level 2. HP: 15/15 MP: 3/9
   393 | D:1      | Learned a level 2 spell: Searing Ray
  1090 | D:2      | Reached skill level 5 in Spellcasting
  1090 | D:2      | Reached XP level 3. HP: 19/19 MP: 6/11
  1180 | D:2      | Found Riymp's Magic Scroll Shop.
  1646 | D:2      | Reached XP level 4. HP: 24/24 MP: 9/13
  1828 | D:2      | Learned a level 3 spell: Stone Arrow
  1853 | D:2      | Found a faded altar of an unknown god.
  2468 | D:3      | Identified the +2 leather armour "Cihiklati" {rC+ Will++
                  | Int-4 Dex+4}
  2825 | D:3      | Found a stormy altar of Qazlal.
  3008 | D:4      | Noticed Ijyb
  3116 | D:4      | Found a sand-covered staircase.
  3138 | Ossuary  | Entered an ossuary
  3173 | Ossuary  | Reached XP level 5. HP: 21/28 MP: 6/16
  3182 | Ossuary  | Reached skill level 5 in Conjurations
  3847 | Ossuary  | Reached XP level 6. HP: 28/32 MP: 12/18
  3886 | Ossuary  | Learned a level 4 spell: Iskenderun's Mystic Blast
  4480 | D:4      | Found a staircase to the Ecumenical Temple.
  4510 | Temple   | Entered the Ecumenical Temple
  4587 | Temple   | Became a worshipper of Vehumet
  4998 | D:4      | Reached skill level 1 in Earth Magic
  5207 | D:4      | Killed Ijyb
  5208 | D:4      | Reached XP level 7. HP: 16/36 MP: 10/19
  5422 | D:5      | Entered Level 5 of the Dungeon
  5597 | D:5      | Found a sparkling altar of Nemelex Xobeh.
  5695 | D:5      | Reached skill level 5 in Earth Magic
  6108 | D:5      | Reached * piety under Vehumet
  6108 | D:5      | Offered knowledge of Sandblast by Vehumet.
  6743 | D:6      | Reached XP level 8. HP: 34/41 MP: 3/20
  6924 | D:6      | Reached skill level 1 in Translocations
  7189 | D:6      | Noticed Prince Ribbit
  7369 | D:6      | Killed Prince Ribbit
  7499 | D:6      | Reached skill level 5 in Translocations
  7972 | D:6      | Slain by an ogre

Illustrated notes

Levels and vault maps discovered:
D:1:      arrival_zaba_pyramid, layout_loops_ring
D:2:      layout_loops_ring, ebering_ecumenical_altar_box, serial_shops, shop,
          kennysheep_generic_room_6
D:3:      layout_basic, marbit_many_paths
D:4:      layout_basic, minmay_temple_entry_water_ring, enter_ossuary_4,
          serial_bayou_ford_a, lemuel_another_geyser, uniq_ijyb
D:5:      layout_loops_ring, overflow_temple_1_default,
          kennysheep_pointless_box, kennysheep_generic_room_2
D:6:      layout_cave_pools, serial_glass, glass_columns_a, glass_columns_a,
          minmay_hedge_maze, uniq_prince_ribbit1
Temple:   hc_temple_tempest_star

Skill      XL: |  1  2  3  4  5  6  7  8 |
---------------+-------------------------+-----
Spellcasting   | 4 5 7 |  7.0
Conjurations   | 6 7 |  7.0
Earth Magic    | 2 6 7 |  7.0
Translocations | 6 |  6.7
Dodging        | |  2.4
Stealth        | |  2.4

Action                   |  1- 3 |  4- 6 |  7- 9 || total
-------------------------+-------+-------+-------++-------
Melee: Dagger            |       |     4 |       ||     4
 Cast: Magic Dart        |    80 |   138 |    91 ||   309
       Searing Ray       |     1 |    18 |    14 ||    33
       Stone Arrow       |       |     1 |    16 ||    17
       Iskenderun's Myst |       |       |     1 ||     1
  Use: Scroll            |     3 |     8 |       ||    11
       Potion            |       |       |     1 ||     1
Armor: Robe              |     3 |     1 |     4 ||     8
Dodge: Dodged            |     7 |    38 |    31 ||    76

Table legend: (Time is in decaauts)
 A = Elapsed time spent in this place.
 B = Non-inter-level travel time spent in this place.
 C = Inter-level travel time spent in this place.
 D = Time resting spent in this place.
 E = Time spent auto-exploring this place.
 F = Levels seen in this place.
 G = Mean time per level.
                   A        B        C        D        E       F      G
               +--------+--------+--------+--------+--------+-----+--------+
         Total |   7972 |   7842 |    130 |   1982 |   4857 |   8 |  996.5 |
       Dungeon |   6653 |   6535 |    118 |   1348 |   4394 |   6 | 1108.8 |
        Temple |     89 |     77 |     12 |      0 |     58 |   1 |   89.0 |
       Ossuary |   1228 |   1228 |      0 |    634 |    405 |   1 | 1228.0 |
               +--------+--------+--------+--------+--------+-----+--------+

Top non-repeatable levels by time:
     D:5: 2007 daAuts
 Ossuary: 1228 daAuts
     D:4: 1170 daAuts
     D:1: 1067 daAuts
     D:2: 1049 daAuts
     D:3: 811 daAuts
     D:6: 547 daAuts
  Temple: 89 daAuts
